 Dungeon Crawl Stone Soup version 0.20-a0-1122-gb7cbeb9 (webtiles) character file.

3991 Lochraine the Cleaver (level 10, -4/136 HPs)
             Began as a Minotaur Berserker on May 11, 2017.
             Was a High Priest of Trog.
             Slain by a hornet (6 damage)
             ... on level 7 of the Dungeon.
             The game lasted 00:12:19 (6350 turns).

Lochraine the Cleaver (Minotaur Berserker)          Turns: 6350, Time: 00:12:20

Health: -4/136     AC: 11    Str: 31    XL:     10   Next: 3%
Magic:  9/9        EV: 10    Int:  8    God:    Trog [*****.]
Gold:   349        SH:  0    Dex:  9    Spells: 9/9 levels left

rFire    . . .     SeeInvis .   b - +2 whip (elec)
rCold    + . .     Gourm    .   (no shield)
rNeg     . . .     Faith    .   x - +0 chain mail {rC+}
rPois    .         Spirit   .   (helmet restricted)
rElec    .         Reflect  .   (no cloak)
rCorr    .         Harm     .   (no gloves)
MR       .....                  (no boots)
Stlth    ..........             (no amulet)
Regen    0.4/turn               K - +4 ring of intelligence
MPRegen  0.2/turn               (no ring)

@: berserking, lethally poisoned (-4 -> -18), slowed
A: retaliatory headbutt, horns 2
a: Berserk, Trog's Hand, Brothers in Arms, Burn Spellbooks, Renounce Religion


You were on level 7 of the Dungeon.
You worshipped Trog.
Trog was extremely pleased with you.
You were very hungry.

You visited 1 branch of the dungeon, and saw 9 of its levels.
You also visited: Ossuary.

You collected 427 gold pieces.
You spent 78 gold pieces at shops.

Inventory:

Hand Weapons
 a - a +1 antimagic battleaxe
   (Trog gifted it to you on level 6 of the Dungeon)
 b - a +2 whip of electrocution (weapon)
   (You found it on level 1 of the Dungeon)
 y - the +0 mace of Wyrd {drain, rC+}
   (You found it on level 4 of the Dungeon)

   A truly terrible weapon, it drains the life of those it strikes.
   It protects you from cold.
Missiles
 A - 76 bolts
 F - a throwing net (quivered) {!f}
Armour
 x - a +0 chain mail of cold resistance (worn)
   (You found it on level 5 of the Dungeon)
Jewellery
 K - a +4 ring of intelligence (left hand)
   (You found it on level 6 of the Dungeon)
Wands
 c - a wand of disintegration (3/24)
   (You found it on level 5 of the Dungeon)
 t - a wand of flame (16/48)
   (You took it off Sigmund on level 2 of the Dungeon)
 u - a wand of paralysis (15/24)
   (You found it on level 6 of the Dungeon)
 v - a wand of digging (13/24)
   (You found it on level 4 of the Dungeon)
Scrolls
 e - a scroll of fear {unknown}
 f - 3 scrolls of teleportation {@r4}
 h - a scroll of immolation {unknown}
 i - 10 scrolls of identify {@r1}
 j - 2 scrolls of noise {unknown}
 m - 2 scrolls of enchant armour {unknown}
 p - a scroll of random uselessness {unknown}
 s - a scroll of recharging {unknown}
 w - a scroll of enchant weapon {unknown}
 C - 3 scrolls of fog
 D - 2 scrolls of magic mapping
 H - a scroll of summoning {unknown}
 J - a scroll of remove curse {@r2}
Potions
 g - 4 potions of curing {@q1}
 n - 3 potions of flight {unknown}
 o - 2 potions of lignification {!q}
 z - a potion of agility {unknown}
 B - a potion of ambrosia {unknown}
 E - 2 potions of degeneration {unknown}
 G - a potion of might {unknown}
 L - 2 potions of haste {unknown}
Comestibles
 d - 4 fruits
 k - 3 royal jellies
 l - 3 meat rations
 q - 6 bread rations
 I - a chunk of flesh


   Skills:
 + Level 9.4 Fighting
 * Level 12.4 Axes
 + Level 9.1 Armour
 - Level 2.1 Dodging


You had 9 spell levels left.
You didn't know any spells.

Dungeon Overview and Level Annotations

Branches:
Dungeon (9/15)               Lair (0/6) D:9
 Temple: D:4-7          Orc: D:9-12

Altars:
Dithmenos
Gozag
Hepliaklqana
Qazlal
Sif Muna
Zin

Shops:
D:4 [   D:9 ?


Innate Abilities, Weirdness & Mutations

You reflexively headbutt those who attack you in melee.
You have a pair of horns on your head.


Message History

Unknown command.
Unknown command.
Unknown command.
You closely miss the hornet. Your headbutt misses the hornet.
You feel sick.
The hornet stings you but does no damage.
You miss the hornet.
You headbutt the hornet, but do no damage.
You are feeling hungry.
You feel sick. The hornet barely misses you. The hornet closely misses you.
Unknown command.
You closely miss the hornet.
You feel sick. The hornet barely misses you. The hornet stings you!
* * * LOW HITPOINT WARNING * * *
You feel as though you will be slow longer.
Unknown command.
Unknown command.
Okay, then.
A red film seems to cover your vision as you go berserk!
You feel yourself moving faster!
You feel mighty!
You are feeling very hungry.
You feel very sick. The hornet stings you!
* * * LOW HITPOINT WARNING * * *
You are more poisoned.
You feel as though you will be slow longer.
The hornet stings you!
* * * LOW HITPOINT WARNING * * *
You suddenly lose the ability to move!
* * * LOW HITPOINT WARNING * * *
You feel sick. The hornet stings you.
* * * LOW HITPOINT WARNING * * *
You feel as though you will be slow longer.
You can move again.
Unknown command.
Unknown command.
Unknown command.
You barely miss the hornet.
* * * LOW HITPOINT WARNING * * *
You feel sick. The hornet stings you!
* * * LOW HITPOINT WARNING * * *
You feel as though you will be slow longer.
Unknown command.
Unknown command.
Here: a hornet (severely wounded)
The floor.
Unknown command.
You closely miss the hornet. Your headbutt misses the hornet.
* * * LOW HITPOINT WARNING * * *
You feel sick. The hornet stings you.
You die...

#.>..........#
#.......>....#
#..#.........#######
#..####............#
#..# #..........(.#
##.# #.##+##......##
#+# ...# #..........
..### #..........
.... #<@......#. ...
#....y..###.# ...
#.......# #
#.......# #.......#
#.......# ##.#.....
..#......


You could see a hornet.

Vanquished Creatures
  Sigmund (D:2)
  Eustachio (D:4)
  12 yaks (D:9)
  3 sky beasts
  2 ice beasts
  2 black bears
  2 ogres
  A centaur (D:6)
  2 bullfrogs
  A scorpion (D:4)
  A howler monkey (D:5)
  A centaur zombie (Ossuary)
  A jelly (D:5)
  2 orc wizards
  A bullfrog skeleton (D:5)
  3 orc priests
  2 human zombies (Ossuary)
  A hound (D:5)
  2 iguanas
  3 worker ants
  2 big kobold zombies (Ossuary)
  3 hound zombies
  2 mummies (Ossuary)
  3 gnolls (D:6)
  9 adders
  6 shadow imps
  An ooze (D:4)
  An adder skeleton (D:6)
  3 adder zombies (Ossuary)
  5 worms
  5 dart slugs
  A leopard gecko (D:1)
  11 orcs
  2 giant cockroaches
  11 goblins
  10 hobgoblins
  10 jackals
  3 quokkas
  3 bats
  5 frilled lizards
  2 goblin zombies (Ossuary)
  11 hobgoblin zombies (Ossuary)
  A jackal zombie (Ossuary)
  7 kobolds
  8 kobold zombies (Ossuary)
  7 orc zombies (Ossuary)
  7 rats
183 creatures vanquished.

Notes
Turn   | Place    | Note
-------+----------+-------------------------------------------
     0 | D:1      | Lochraine the Minotaur Berserker began the quest for the Orb.
     0 | D:1      | Reached XP level 1. HP: 19/19 MP: 0/0
   334 | D:1      | Reached skill level 4 in Axes
   334 | D:1      | Reached XP level 2. HP: 26/27 MP: 1/1
   783 | D:2      | Reached XP level 3. HP: 32/33 MP: 2/2
   979 | D:2      | Reached ** piety under Trog
  1117 | D:2      | Found a stormy altar of Qazlal.
  1217 | D:2      | Found an opulent altar of Gozag.
  1238 | D:2      | Reached XP level 4. HP: 40/40 MP: 3/3
  1275 | D:2      | Noticed Sigmund
  1296 | D:2      | Killed Sigmund
  1296 | D:2      | Reached skill level 5 in Fighting
  1296 | D:2      | Reached skill level 6 in Axes
  1296 | D:2      | Reached XP level 5. HP: 15/48 MP: 4/4
  1716 | D:2      | Found a deep blue altar of Sif Muna.
  1804 | D:3      | Found a shadowy altar of Dithmenos.
  2000 | D:3      | Reached XP level 6. HP: 56/56 MP: 5/5
  2494 | D:4      | Found a hazy altar of Hepliaklqana.
  2518 | D:4      | Reached *** piety under Trog
  2887 | D:4      | Got an ichor-stained flail
  2888 | D:4      | Identified the cursed +0 flail "Xafiucusk" {crush, rF+ Str+4} (You found it on level 4 of the Dungeon)
  2941 | D:4      | Got a translucent mace
  2946 | D:4      | Reached skill level 7 in Axes
  2947 | D:4      | Identified the cursed +0 mace of Wyrd {drain, rC+} (You found it on level 4 of the Dungeon)
  3077 | D:4      | Noticed Eustachio
  3088 | D:4      | Killed Eustachio
  3088 | D:4      | Reached skill level 5 in Armour
  3088 | D:4      | Reached XP level 7. HP: 60/62 MP: 6/6
  3321 | D:4      | Found Honned's Armour Boutique.
  3614 | D:5      | Entered Level 5 of the Dungeon
  3992 | D:5      | Reached skill level 8 in Axes
  4424 | D:6      | Found a sand-covered staircase.
  4480 | D:6      | Reached XP level 8. HP: 64/71 MP: 7/7
  4634 | D:6      | Reached **** piety under Trog
  4655 | D:6      | Reached skill level 9 in Axes
  4786 | Ossuary  | Entered an ossuary
  5152 | D:6      | Found a glowing silver altar of Zin.
  5209 | D:6      | You fall through a shaft for 3 floors!
  5226 | D:9      | Reached skill level 10 in Axes
  5232 | D:9      | Reached XP level 9. HP: 81/81 MP: 8/8
  5357 | D:9      | Reached skill level 11 in Axes
  5372 | D:9      | Found Vigyihodda's Magic Scroll Boutique.
  5375 | D:9      | Bought a scroll of magic mapping for 42 gold pieces
  5375 | D:9      | Bought a scroll of teleportation for 36 gold pieces
  5415 | D:9      | Reached ***** piety under Trog
  5425 | D:9      | Reached skill level 12 in Axes
  6058 | D:6      | Reached XP level 10. HP: 82/91 MP: 9/9
  6233 | D:6      | Received a gift from Trog
  6347 | D:7      | Paralysed by a hornet for 2 turns
  6349 | D:7      | HP: 4/136 [hornet (11)]
  6350 | D:7      | Slain by a hornet

Vault maps used:
D:1:      evilmike_arrival_crescent
D:2:      lemuel_coloured_pillars_altar, led_sif_pool, grunt_gozag_statues,
          first_bread, uniq_sigmund
D:3:      grunt_dithmenos_smoke_and_mirrors
D:4:      lemuel_doored_altar, serial_shops, nicolae_shop_waterfront,
          fountainhead, hangedman_abyss_or_decor_passed, uniq_eustachio
D:5:      wad_pebble_path
D:6:      lemuel_crystal_altar, nicolae_ossuary_entry_false_entrances
D:7:      kennysheep_little_box, lemuel_temple_firewalk_b, uniq_pikel
D:8:      tgw_fedhas, uniq_prince_ribbit1
D:9:      lemuel_mausoleum_altar_kikubaaqudgha,
          grunt_temple_overflow_cloverleaf, serial_shops, kennysheep_mini
Ossuary:  ossuary_tomb_1

Skill      XL: |  1  2  3  4  5  6  7  8  9 |
---------------+----------------------------+-----
Axes           | 4 6 7 8 10 12 | 12.4
Fighting       | 4 5 6 8 9 |  9.4
Armour         | 3 4 5 6 7 9 |  9.1
Dodging        | |  2.1

Action                   |  1- 3 |  4- 6 |  7- 9 | 10-12 || total
-------------------------+-------+-------+-------+-------++-------
Melee: Whip              |    62 |    71 |   305 |    21 ||   459
       Hand axe          |     3 |       |       |       ||     3
       Headbutt          |    16 |    11 |    53 |     6 ||    86
Invok: Berserk           |       |     1 |     2 |     1 ||     4
       Trog's Hand       |       |     1 |       |       ||     1
  Use: Potion            |       |     2 |       |       ||     2
       Scroll            |       |     5 |     1 |       ||     6
  Eat: Chunk             |     1 |     6 |    13 |       ||    20
Armor: Ring mail         |    20 |    15 |     1 |       ||    36
       Chain mail        |       |       |   109 |     4 ||   113
Dodge: Dodged            |    25 |    46 |    90 |    11 ||   172
